 Dungeon Crawl Stone Soup version 0.29.1-12-g30fa7ad0bf (webtiles) character file.

Game seed: 9189624745090951019

4124 DemonSlayer the Thaumaturge (level 10, -6/68 HPs)
             Began as a Demonspawn Earth Elementalist on Dec 24, 2022.
             Was a Believer of Cheibriados.
             Mangled by a wyvern (8 damage)
             ... on level 8 of the Dungeon.
             The game lasted 00:17:53 (8826 turns).

DemonSlayer the Thaumaturge (DsEE)                  Turns: 8826, Time: 00:17:53

Health: -6/68      AC:  6    Str: 14    XL:     10   Next: 6%
Magic:  0/31       EV: 13    Int: 28    God:    Cheibriados [**....]
Gold:   364        SH:  0    Dex: 18    Spells: 15/26 levels left

rFire   . . .      SeeInvis +   C - +1 dagger (flame)
rCold   . . .      Faith    .   i - +0 buckler
rNeg    . . .      Spirit   +   s - +0 troll leather armour
rPois   +          Reflect  .   (no helmet)
rElec   .          Harm     .   (no cloak)
rCorr   .          Rampage  .   d - +1 pair of gloves
Will    .....                   (no boots)
Stlth   +.........              n - amulet of guardian spirit
HPRegen 1.01/turn               f - ring of magical power
MPRegen 0.22/turn               B - ring of poison resistance

@: confused, ambrosia-drunk, very slow
A: hooves 2, demonic guardian 2, foul stench 1, big brain 2, see invisible,
dopey 1, wild magic 1
a: Renounce Religion, Bend Time


You were on level 8 of the Dungeon.
You worshipped Cheibriados.
Cheibriados was pleased with you.
You visited 2 branches of the dungeon, and saw 9 of its levels.
You also visited: Sewer.

You collected 364 gold pieces.

Inventory:

Hand Weapons
 C - a +1 dagger of flaming (weapon)
Missiles
 j - 2 throwing nets
Armour
 d - a +1 pair of gloves (worn)
 i - a +0 buckler (worn)
 s - a +0 troll leather armour (worn)
Jewellery
 f - a ring of magical power (left hand)
 n - an amulet of guardian spirit (around neck)
 y - an amulet of the acrobat
 B - a ring of poison resistance (right hand)
Wands
 a - a wand of acid (8)
 h - a wand of paralysis (10)
 t - a wand of flame (31)
 w - a wand of mindburst (8)
Scrolls
 g - a scroll of identify
 m - a scroll of vulnerability
 o - 2 scrolls of poison
 p - a scroll of amnesia
Potions
 b - 2 potions of magic
 e - 2 potions of haste {unknown}
 l - 2 potions of brilliance
 q - 2 potions of might
 v - 2 potions of flight
 z - 2 potions of ambrosia
 A - 2 potions of curing {unknown}


   Skills:
 + Level 2.3 Fighting
 + Level 1.0 Short Blades
 + Level 0.6 Maces & Flails
 + Level 3.6 Armour
 + Level 3.5 Dodging
 + Level 3.0 Stealth
 + Level 2.4 Shields
 + Level 0.1 Unarmed Combat
 + Level 8.6 Spellcasting
 + Level 1.2 Conjurations
 + Level 0.8 Transmutations
 + Level 8.1 Earth Magic


You had 15 spell levels left.
You knew the following spells:

 Your Spells              Type           Power      Damage    Failure   Level
a - Sandblast             Erth           100%       2d20      1%          1
b - Stone Arrow           Conj/Erth      100%       3d13      5%          3
c - Summon Guardian Gole  Hex/Summ       15%        N/A       30%         3
d - Petrify               Tmut/Erth      48%        N/A       17%         4

Your spell library contained the following spells:

 Spells                   Type           Power      Damage    Failure   Level
 Passwall                 Tmut/Erth      40%        N/A       3%          2
 Beastly Appendage        Tmut           44%        N/A       9%          1
 Summon Small Mammal      Summ           60%        N/A       12%         1
 Wereblood                Tmut           22%        N/A       13%         2
 Spider Form              Tmut/Pois      18%        N/A       26%         3
 Call Canine Familiar     Summ           15%        N/A       30%         3
 Borgnjor's Revivificati  Necr           7%         N/A       100%        8
 Necromutation            Tmut/Necr      9%         N/A       100%        8
 Death's Door             Necr           7%         N/A       100%        9


Dungeon Overview and Level Annotations

Branches:
Dungeon (8/15)             Temple (1/1) D:5            Lair (0/5) D:8
  Sewer (visited)

Altars:
Ashenzari
Cheibriados
Dithmenos
Fedhas
Gozag
Hepliaklqana
Kikubaaqudgha
Makhleb
Nemelex Xobeh
Okawaru
Qazlal
Ru
Trog
Uskayaw
Vehumet
Wu Jian
Xom
Yredelemnul

Shops:
D:3 ([   D:4 (   D:7 *

Annotations:
D:7 3 runed translucent doors, xian's ghost, novice SpEn
D:8 Amaemon; Grum


Innate Abilities, Weirdness & Mutations

You have hoof-like feet.
A demonic guardian rushes to your aid.
You may rarely emit foul miasma when damaged in melee.
You have an extremely huge brain. (Int +4)
You have supernaturally acute eyesight. (SInv)
You are dopey. (Int -2)
Your spells are a little harder to cast, but a little more powerful.


Message History

Your Short Blades skill increases to level 1!
Unknown command.
Unknown command.
You start resting.
Your orange demon disappears in a puff of smoke!
Amaemon is nearby!
Amaemon is nearby!
Amaemon is nearby!
Amaemon is nearby!
Amaemon is nearby!
Amaemon is nearby!
The wyvern hisses angrily.
Your ice devil disappears in a puff of smoke!
The wyvern completely misses you. The wyvern bites you!
You hit the wyvern. You burn the wyvern. You kick the wyvern, but do no damage.
The wyvern is lightly wounded.
The wyvern closely misses you. The wyvern bites you!
You hit the wyvern but do no damage. You kick the wyvern.
The wyvern is lightly wounded.
You block the wyvern's attack.
You closely miss the wyvern. You kick the wyvern.
The wyvern is lightly wounded.
The wyvern bites you!
* * * LOW HITPOINT WARNING * * *
Amaemon mumbles some strange words.
You hit the wyvern but do no damage. Your kick misses the wyvern.
The wyvern is lightly wounded.
The wyvern closely misses you. The wyvern bites you!
* * * LOW HITPOINT WARNING * * *
A demonic guardian appears!
Okay, then.
You are confused.
You feel invigorated. The wyvern bites you!
* * * LOW HITPOINT WARNING * * *
Amaemon barely misses your rust devil.
Amaemon claws your rust devil but does no damage.
Amaemon tail-slaps your rust devil but does no damage.
The scorpion barely misses your rust devil.
The wyvern bites you!
You die...

...... ..... ....
... .. .## #l# #
#@### .. #4s.## ...
##6s.## ....
#..)..## .....
##......##
......##........#.
..................#
........#..........♣
.....6.##..........P


You could see Amaemon (ally target), a wyvern, 2 scorpions and a friendly rust
devil (summoned).

Vanquished Creatures
  A troll (D:6)
  A hornet (D:8)
  Grinder (D:3)
  A yak (D:8)
  4 water moccasins
  Pargi (Sewer)
  A black bear (D:4)
  2 orc warriors (D:7)
  A wolf (D:7)
  A phantom (D:6)
  2 bullfrogs
  A kobold brigand (D:6)
  2 necrophages
  2 scorpions
  5 killer bees (D:8)
  2 howler monkeys (D:8)
  3 jellies
  3 orc priests
  A gnoll bouda (D:6)
  Jessica (D:2)
  4 iguanas
  8 orc wizards
  5 gnolls (D:6)
  8 adders
  3 white imps
  2 ufetubi
  2 worms (D:3)
  3 dart slugs
  8 orcs
  4 ball pythons
  6 bats
  7 endoplasms
  7 giant cockroaches
  7 goblins
  10 hobgoblins
  7 quokkas
  5 frilled lizards
  12 kobolds
  5 rats
149 creatures vanquished.

Vanquished Creatures (collateral kills)
  2 wyverns (D:8)
  A yak (D:8)
  A basilisk (D:8)
  2 water moccasins (D:8)
  A wolf (D:8)
  A centaur (D:6)
  An orc wizard (D:6)
9 creatures vanquished.

Vanquished Creatures (others)
  A bush (D:8)
  2 fungi (D:8)
  A plant (D:8)
4 creatures vanquished.

Grand Total: 162 creatures vanquished

Notes
Turn   | Place    | Note
-------+----------+-------------------------------------------
     0 | D:1      | DemonSlayer the Demonspawn Earth Elementalist began the
                  | quest for the Orb.
     0 | D:1      | Reached XP level 1. HP: 13/13 MP: 3/3
   321 | D:1      | Gained mutation: You may rarely emit foul miasma when
                  | damaged in melee. [demonic ancestry]
   321 | D:1      | Reached XP level 2. HP: 19/19 MP: 3/5
  1342 | D:2      | Found a faded altar of an unknown god.
  1439 | D:2      | Gained mutation: You have large cloven feet. [demonic
                  | ancestry]
  1439 | D:2      | Reached XP level 3. HP: 24/24 MP: 7/7
  1529 | D:2      | Found a radiant altar of Vehumet.
  1554 | D:2      | Identified the +1 cloak of the Gloaming {rC+}
  2025 | D:2      | Noticed Jessica
  2026 | D:2      | Killed Jessica
  2027 | D:2      | Gained mutation: You have hoof-like feet. [demonic
                  | ancestry]
  2027 | D:2      | Reached XP level 4. HP: 30/30 MP: 8/8
  2160 | D:2      | Learned a level 3 spell: Stone Arrow
  2164 | D:2      | Learned a level 3 spell: Summon Guardian Golem
  2280 | D:3      | Found a glowing drain.
  2288 | Sewer    | Entered a sewer
  2377 | Sewer    | Noticed Pargi
  2388 | Sewer    | Gained mutation: You have supernaturally acute eyesight.
                  | (SInv) [potion of mutation]
  2388 | Sewer    | Gained mutation: You are dopey. (Int -2) [potion of
                  | mutation]
  2388 | Sewer    | Gained mutation: Your spells are a little harder to cast,
                  | but a little more powerful. [potion of mutation]
  2396 | Sewer    | Killed Pargi
  2397 | Sewer    | Gained mutation: A weak demonic guardian rushes to your
                  | aid. [demonic ancestry]
  2397 | Sewer    | Reached XP level 5. HP: 28/35 MP: 10/10
  3198 | D:3      | Found Dathiam's Armour Shoppe.
  3281 | D:3      | Found Higeqah's Antique Weapon Emporium.
  3448 | D:3      | Noticed Grinder
  3460 | D:3      | Paralysed by Grinder for 2 turns
  3464 | D:3      | Killed Grinder
  3465 | D:3      | Reached XP level 6. HP: 21/42 MP: 13/13
  3814 | D:3      | Found a faded altar of an unknown god.
  3818 | D:3      | Found a burning altar of Makhleb.
  4107 | D:4      | Reached skill level 5 in Spellcasting
  4107 | D:4      | Reached XP level 7. HP: 47/47 MP: 15/15
  4187 | D:4      | Found a sparkling altar of Nemelex Xobeh.
  4693 | D:4      | Found Xiacusut's Weapon Emporium.
  4847 | D:5      | Entered Level 5 of the Dungeon
  5095 | D:5      | Found a staircase to the Ecumenical Temple.
  5109 | D:5      | Reached skill level 5 in Earth Magic
  5120 | Temple   | Entered the Ecumenical Temple
  5346 | Temple   | Became a worshipper of Cheibriados the Contemplative
  5457 | D:5      | Reached skill level 1 in Shields
  6325 | D:6      | Found a shadowy altar of Dithmenos.
  6350 | D:6      | Gained mutation: A demonic guardian rushes to your aid.
                  | [demonic ancestry]
  6350 | D:6      | Reached XP level 8. HP: 43/53 MP: 12/17
  6523 | D:6      | Noticed a troll
  6528 | D:6      | Killed a troll
  6589 | D:6      | Reached skill level 1 in Armour
  6828 | D:6      | Reached * piety under Cheibriados
  7378 | D:6      | Learned a level 4 spell: Petrify
  7566 | D:7      | Gained mutation: You have an unusually large brain. (Int
                  | +2) [demonic ancestry]
  7566 | D:7      | Reached XP level 9. HP: 58/58 MP: 20/20
  7743 | D:7      | Reached ** piety under Cheibriados
  7915 | D:7      | Found Zin's Purification Station.
  8037 | D:7      | Reached skill level 1 in Fighting
  8307 | D:7      | Found a runed translucent gate.
  8307 | D:7      | Found a runed translucent gate.
  8307 | D:7      | Found a runed translucent gate.
  8312 | D:7      | Noticed xian's ghost (novice SpEn)
  8404 | D:8      | Noticed Grum
  8728 | D:8      | Found a staircase to the Lair.
  8755 | D:8      | HP: 2/61 [killer bee (4)]
  8757 | D:8      | Reached skill level 1 in Conjurations
  8780 | D:8      | Noticed Amaemon
  8781 | D:8      | Noticed an orange demon
  8796 | D:8      | Gained mutation: You have an extremely huge brain. (Int +4)
                  | [demonic ancestry]
  8796 | D:8      | Reached XP level 10. HP: 11/67 MP: 1/22
  8799 | D:8      | Reached skill level 1 in Short Blades
  8826 | D:8      | HP: 2/68 [wyvern (11)]
  8826 | D:8      | Mangled by a wyvern

Illustrated notes

Levels and vault maps discovered:
D:1:      dpeg_arrival_long_road, layout_basic
D:2:      layout_basic, chequers_ecumenical_altar_simple, basic_altar,
          minmay_statues_item, minmay_hexomino_f4, uniq_jessica
D:3:      layout_basic, nicolae_overflow_ecumenical_swirl, gup_sewer_entry_pipe,
          serial_shops, nicolae_shop_crystal, nicolae_shop_crystal, uniq_grinder
D:4:      layout_loops_ring, nemelex_spade_bored_becter, serial_shops,
          nicolae_square_shop
D:5:      layout_layer_cave, minmay_temple_entry_stoned_glass, item_on_display_a
D:6:      layout_gridville, grunt_dithmenos_smoke_and_mirrors
D:7:      layout_basic, zin_purify, gammafunk_ghost_necromancy
D:8:      layout_cave_pods, led_sif_pool, minmay_lair_entry_grove,
          serial_rivers, chequers_serial_rivers_room_b,
          chequers_serial_rivers_small_3, chequers_serial_rivers_room_b,
          chequers_serial_rivers_micro_e, chequers_serial_rivers_small_b,
          uniq_grum, uniq_gastronok, uniq_amaemon
Temple:   nicolae_temple_bog_church

Skill      XL: |  1  2  3  4  5  6  7  8  9 10 |
---------------+-------------------------------+-----
Earth Magic    | 3 4 5 7 8 |  8.1
Spellcasting   | 3 4 5 6 7 8 |  8.6
Dodging        | 2 3 |  3.5
Stealth        | 2 3 |  3.0
Shields        | 1 2 |  2.4
Armour         | 2 3 |  3.6
Fighting       | 2 |  2.3
Conjurations   | 1 |  1.2
Short Blades   | 1 |  1.0
Maces & Flails | |  0.6
Unarmed Combat | |  0.1
Transmutations | |  0.8

Action                   |  1- 3 |  4- 6 |  7- 9 | 10-12 || total
-------------------------+-------+-------+-------+-------++-------
Melee: Unarmed           |     5 |       |       |       ||     5
       Dagger            |     7 |    10 |    25 |     6 ||    48
       Kick              |     1 |     3 |    10 |     3 ||    17
       Mace              |       |       |     7 |       ||     7
 Cast: Sandblast         |    39 |    79 |   128 |       ||   246
       Stone Arrow       |       |       |    17 |       ||    17
  Use: Potion            |       |     6 |     2 |     2 ||    10
       Scroll            |       |     1 |    17 |       ||    18
 Stab: Sleeping          |     2 |       |     1 |       ||     3
Armor: Robe              |     1 |    15 |     1 |       ||    17
       Skin              |       |     9 |       |       ||     9
       Leather armour    |       |       |     6 |       ||     6
       Troll leather arm |       |       |    52 |       ||    52
Dodge: Dodged            |     9 |    39 |    98 |     3 ||   149
Block: Buckler           |       |    12 |    35 |     2 ||    49
